 Dungeon Sprint DCSS version 0.18-a0-1323-g706dcef (webtiles) character file.

445 Oracle the Fighter (level 6, -1/61 HPs)
             Began as a Draconian Fighter on Feb 15, 2016.
             Was a Believer of Qazlal.
             Slain by a draconian
             ... wielding a +0 flail
              (15 damage)
             ... in the Dungeon (Sprint V: "Ziggurat Sprint").
             The game lasted 00:02:43 (189 turns).

Oracle the Fighter (Draconian Fighter)               Turns: 189, Time: 00:02:43

Health: -1/61      AC:  6    Str: 29    XL:     6   Next: 72%
Magic:  6/10       EV: 10    Int:  8    God:    Qazlal [**....]
Gold:   0          SH: 33    Dex: 17    Spells: 0 memorised, 5 levels left

rFire  . . .     SeeInvis +     I - +14 obsidian axe {chop, +Fly Str+3 SInv *Curse} (curse)
rCold  . . .     Gourm    .     (armour unavailable)
rNeg   + . .     Faith    .     L - +18 shield of the gong {rElec rN+ MR+ EV-5}
rPois  .         Spirit   .     (helmet restricted)
rElec  +         Dismiss  .     (no cloak)
rCorr  .         Reflect  .     (no gloves)
SustAt .         Harm     .     (no boots)
MR     +....     NoTele   +     (no amulet)
Stlth  +.........               z - +6 ring of dexterity
                                C - +6 ring of strength

@: liquid flames, mesmerised, glowing, somewhat resistant to hostile
enchantments, very unstealthy
A: unfitting armour, cold-blooded, AC +6
a: Upheaval, Renounce Religion, Evoke Flight


You were in the Dungeon.
You worshipped Qazlal.
Qazlal was pleased with you.
You were not hungry.

You visited 1 branch

Inventory:

Hand Weapons
 a - a +0 war axe
 I - the cursed +14 obsidian axe (weapon) {chop, +Fly Str+3 SInv *Curse}
   (You found it in the Dungeon)

   It inflicts extra damage upon your enemies.
   It affects your strength (+3).
   It lets you see invisible.
   It lets you fly.
   It may re-curse itself when equipped.
   It has a curse placed upon it.
Armour
 b - a +0 shield
 J - a +5 gold dragon armour
 L - the +18 shield of the gong (worn) {rElec rN+ MR+ EV-5}
   (You found it in the Dungeon)

   It affects your evasion (-5).
   It insulates you from electricity.
   It protects you from negative energy.
   It affects your resistance to hostile enchantments.
Jewellery
 y - a +6 ring of dexterity
 z - a +6 ring of dexterity (right hand)
 A - a +6 ring of intelligence
 B - a +6 ring of intelligence
 C - a +6 ring of strength (left hand)
 D - a +6 ring of strength
Wands
 E - a wand of disintegration (7/24)
 F - a wand of iceblast (5/15)
 G - a wand of lightning (5/15)
 H - a wand of acid (5/15)
Scrolls
 j - 4 scrolls of blinking
 p - 4 scrolls of amnesia
 q - 3 scrolls of recharging
 r - 7 scrolls of fog
 s - a scroll of holy word
 t - 5 scrolls of identify
 u - 5 scrolls of remove curse
 v - 2 scrolls of fear
Potions
 c - 6 potions of might
 e - 10 potions of curing
 f - 9 potions of heal wounds
 g - 6 potions of haste
 h - 7 potions of magic
 i - 3 potions of berserk rage
 k - 2 potions of brilliance
 l - 2 potions of invisibility
 m - 4 potions of resistance
 n - a potion of experience
 o - 5 potions of agility
Miscellaneous
 K - a disc of storms
Comestibles
 d - 5 bread rations
 w - 42 fruits
 x - 4 meat rations


   Skills:
 + Level 8.0 Fighting
 * Level 6.5 Axes
 + Level 6.5 Dodging
 + Level 7.7 Shields
 * Level 6.4 Invocations


You had 5 spell levels left.
You didn't know any spells.

Dungeon Overview and Level Annotations

Branches:
Dungeon (1/1)

Altars:
Ashenzari
Cheibriados
Dithmenos
Elyvilon
Fedhas
Gozag
Kikubaaqudgha
Makhleb
Nemelex Xobeh
Okawaru
Pakellas
Qazlal
Ru
Sif Muna
Trog
Vehumet
Xom
Yredelemnul
Zin
The Shining One
Beogh
Jiyva
Lugonu


Innate Abilities, Weirdness & Mutations

Your plain brown scales are hard (AC +6).
Your body does not fit into most forms of armour.
You are cold-blooded and may be slowed by cold attacks.


Message History

You kill the draconian!
Qazlal accepts your kill.
You can now call upon nature to destroy your foes.
Your Fighting skill gained 3 levels and is now at level 8!
Your Axes skill gained 3 levels and is now at level 6!
Your Dodging skill gained 2 levels and is now at level 6!
Your Shields skill gained 2 levels and is now at level 7!
Your Invocations skill gained 3 levels and is now at level 6!
You have reached level 5!
You have reached level 6!
Your experience leads to an increase in your attributes!
Your base attributes are Str 19, Int 8, Dex 11.
Increase (S)trength, (I)ntelligence, or (D)exterity?
You feel stronger.
Your scales feel tougher.
You block the draconian's attack.
SHROANNG!
You block the orange demon's attack.
BONNNG!
The draconian hits you with a flail!
You die...

▓▓▓▓▓▓▓▓▓▓▓▓▓▓▓▓▓▓▓
▓.8©8.▓.8©8.▓.8©8.▓
▓.:.=.▓.:§).▓.....▓
▓.4:..▓..§..▓.)...▓
▓.ddd.▓.))).▓..|..▓
▓4§@..▓.....▓.....▓
▓..§..▓.....▓.....▓
▓.....▓.....▓▓▓▓▓▓▓
▓▓▓▓▓▓▓▓▓▓▓▓▓


You could see a mottled draconian, 2 draconians, an orange demon and a friendly
ice devil.

Vanquished Creatures
  A draconian (D)
  An iron imp (D)
  2 orc priests (D)
  A white imp (D)
  An orc (D)
6 creatures vanquished.

Notes
Turn   | Place    | Note
--------------------------------------------------------------
     0 | D        | Oracle the Draconian Fighter began the quest for the Orb.
     0 | D        | Reached XP level 1. HP: 19/19 MP: 1/1
     0 | D        | Found a roughly hewn altar of Beogh.
     0 | D        | Found a viscous altar of Jiyva.
     0 | D        | Found a corrupted altar of Lugonu.
     0 | D        | Found a white marble altar of Elyvilon.
     0 | D        | Found a sparkling altar of Nemelex Xobeh.
     0 | D        | Found a burning altar of Makhleb.
     0 | D        | Found an iron altar of Okawaru.
     0 | D        | Found a deep blue altar of Sif Muna.
     0 | D        | Found a radiant altar of Vehumet.
     0 | D        | Found a bloodstained altar of Trog.
     0 | D        | Found a shimmering altar of Xom.
   113 | D        | Became a worshipper of Qazlal Stormbringer
   125 | D        | Entered arena 1.
   125 | D        | Noticed an iron imp
   128 | D        | Killed an iron imp
   128 | D        | Reached skill level 4 in Fighting
   128 | D        | Reached XP level 2. HP: 24/28 MP: 1/3
   128 | D        | Reached XP level 3. HP: 29/34 MP: 1/4
   130 | D        | Reached * piety under Qazlal
   160 | D        | Entered arena 2.
   163 | D        | Reached skill level 5 in Fighting
   164 | D        | Reached XP level 4. HP: 38/42 MP: 4/6
   165 | D        | Reached skill level 5 in Shields
   172 | D        | Identified Sif Muna's Reference Book on Shifting Stolen Souls (You found it in the Dungeon)
   183 | D        | Entered arena 3.
   183 | D        | Noticed a draconian
   183 | D        | Noticed a draconian
   183 | D        | Noticed a mottled draconian
   183 | D        | Noticed a draconian
   187 | D        | Noticed an orange demon
   189 | D        | Killed a draconian
   189 | D        | Reached ** piety under Qazlal
   189 | D        | Reached skill level 8 in Fighting
   189 | D        | Reached XP level 5. HP: 13/53 MP: 6/9
   189 | D        | Reached XP level 6. HP: 14/61 MP: 6/10
   189 | D        | Slain by a draconian

Vault maps used:
D:        sprint_v

Action                   |  1- 3 |  4- 6 || total
-------------------------+-------+-------++-------
Melee: Broad axe         |     6 |     4 ||    10
  Use: Potion            |       |     1 ||     1
